 Dungeon Crawl Stone Soup version 0.27-a0-249-g74f53ef629 (webtiles) character file.

Game seed: 16734151806452594816

125 jasper the Caller (level 4, -1/24 HPs)
             Began as a Deep Elf Summoner on Feb 3, 2021.
             Killed by divine providence
             ... invoked by an orc priest
              (11 damage)
             ... on level 4 of the Dungeon.
             The game lasted 00:09:56 (4699 turns).

jasper the Caller (Deep Elf Summoner)               Turns: 4699, Time: 00:09:57

Health: -1/24      AC:  8    Str:  5    XL:     4   Next: 82%
Magic:  6/13       EV: 13    Int: 17    God:
Gold:   12         SH:  0    Dex: 15    Spells: 7/13 levels left

rFire    . . .     SeeInvis .   f - +0 spear
rCold    . . .     Faith    .   (no shield)
rNeg     + . .     Spirit   .   a - +0 robe
rPois    .         Reflect  .   s - +1 hat
rElec    .         Harm     .   t - +2 cloak {Will+}
rCorr    .         Rampage  .   i - +1 pair of gloves
Will     +....                  (no boots)
Stlth    ++........             k - amulet of inaccuracy (curse)
HPRegen  0.08/turn              d - -4 ring of intelligence (curse)
MPRegen  0.13/turn              h - ring of positive energy (curse)

@: no status effects
A: no striking features
a: no special abilities


You were on level 4 of the Dungeon.
You visited 1 branch of the dungeon, and saw 4 of its levels.

You collected 117 gold pieces.
You spent 105 gold pieces at shops.

Inventory:

Hand Weapons
 f - a +0 spear (weapon)
 n - a cursed +0 quarterstaff
Missiles
 b - 17 javelins
 p - 4 boomerangs
Armour
 a - a +0 robe (worn)
 e - a +0 cloak
 i - a +1 pair of gloves (worn)
 l - a +0 kite shield
 s - a +1 hat (worn)
 t - a +2 cloak of willpower (worn)
Jewellery
 d - a cursed -4 ring of intelligence (left hand)
 h - a cursed ring of positive energy (right hand)
 k - a cursed amulet of inaccuracy (around neck)
Scrolls
 j - a scroll of amnesia
 o - 3 scrolls of identify
 q - 2 scrolls of teleportation
 u - a scroll of remove curse {unknown}
 v - a scroll of holy word
Potions
 c - a potion of magic
 g - a potion of mutation {unknown}
 m - 2 potions of curing {unknown}
 r - a potion of brilliance {unknown}
 w - a potion of lignification


   Skills:
 - Level 2.4 Dodging
 - Level 2.4 Stealth
 + Level 5.2 Spellcasting
 + Level 5.7 Summonings
 + Level 0.4 Ice Magic


You had 7 spell levels left.
You knew the following spells:

 Your Spells              Type           Power        Failure   Level
a - Call Imp              Summ           23%          1%          2
b - Summon Ice Beast      Ice/Summ       14%          36%         4

Your spell library contained the following spells:

 Spells                   Type           Power        Failure   Level
 Summon Small Mammal      Summ           92%          1%          1
 Call Canine Familiar     Summ           23%          4%          3
 Summon Guardian Golem    Hex/Summ       14%          13%         3
 Summon Lightning Spire   Summ/Air       14%          38%         4


Dungeon Overview and Level Annotations

Branches:
Dungeon (4/15)
 Temple: D:4-7

Altars:
Dithmenos
Okawaru
Wu Jian

Shops:
D:4 *


Message History

Aim: an orc, wielding a +0 flail and wearing a +0 leather armour Attack!
The orc misses your crimson imp.
Your crimson imp hits the orc.
Your crimson imp misses something.
Your crimson imp closely misses something.
The orc priest looks encouraged for a moment.
Something hits your crimson imp but does no damage.
Your crimson imp barely misses something.
What are your orders? t - Shout!
Orders for allies: a - Attack new target. p - Attack previous target. r - Retreat! s - Stop attacking. g - Guard the area. f - Follow me.
Anything else - Cancel.
Gang up on whom?
Press: ? - help, Dir - move target, f/p - orc
Aim: an orc, wielding a +0 flail and wearing a +0 leather armour (heavily wounded) Attack!
The orc priest calls down the wrath of Beogh upon you.
Beogh smites you!
You die... .......# ......# .....# ..>.+ oo.

#'# #5# #5####
#5@..## ##♣##
#.#...#
#♣.∩.♣###.#...#
#..♣...##.#...##
#.####.##......+
#.# #.#####.###
#.# ##.#####.#
#.# #........#
#.# #..#######


You could see an orc priest, an orc, a friendly crimson imp (summoned) and 2
friendly white imps.

Vanquished Creatures
  Crazy Yiuf (D:3)
  A worm (D:2)
  A bat (D:3)
  2 kobolds
  3 goblins
  5 rats
13 creatures vanquished.

Vanquished Creatures (collateral kills)
  2 hounds
  Robin (D:3)
  3 gnolls (D:2)
  An adder (D:2)
  A worm (D:2)
  A dart slug (D:2)
  2 leopard geckos (D:1)
  5 bats
  A giant cockroach (D:2)
  12 goblins
  9 hobgoblins
  6 jackals (D:1)
  3 kobolds
  4 frilled lizards
  10 rats
61 creatures vanquished.

Grand Total: 74 creatures vanquished

Notes
Turn   | Place    | Note
-------+----------+-------------------------------------------
     0 | D:1      | jasper the Deep Elf Summoner began the quest for the Orb.
     0 | D:1      | Reached XP level 1. HP: 10/10 MP: 6/6
   225 | D:1      | Reached XP level 2. HP: 15/15 MP: 3/8
  1057 | D:1      | Learned a level 2 spell: Call Imp
  1612 | D:2      | Reached skill level 5 in Summonings
  1699 | D:2      | Reached XP level 3. HP: 19/19 MP: 3/10
  1928 | D:2      | Found an ornate altar of the Wu Jian Council.
  1928 | D:2      | Found an iron altar of Okawaru.
  3117 | D:3      | Found a shadowy altar of Dithmenos.
  3144 | D:3      | Reached XP level 4. HP: 24/24 MP: 3/12
  3747 | D:3      | Noticed Robin
  3781 | D:3      | Killed Robin
  3891 | D:3      | Found a runed translucent door.
  3892 | D:3      | Noticed Crazy Yiuf
  4160 | D:3      | Killed Crazy Yiuf
  4161 | D:3      | Reached skill level 5 in Spellcasting
  4193 | D:3      | Learned a level 4 spell: Summon Ice Beast
  4655 | D:4      | Found Panit's General Store.
  4661 | D:4      | Bought a scroll of holy word for 75 gold pieces
  4661 | D:4      | Bought a potion of lignification for 30 gold pieces
  4699 | D:4      | Killed from afar by an orc priest

Illustrated notes

Levels and vault maps discovered:
D:1:      eino_arrival_tree_alley, layout_basic, minmay_rat_gold_closets
D:2:      layout_basic, gammafunk_temple_overflow_elements
D:3:      layout_loops_cross, old_standard_altar, uniq_robin,
          uniq_crazy_yiuf_cottage
D:4:      layout_basic, serial_shops, nicolae_shop_trees

Skill      XL: |  1  2  3  4 |
---------------+-------------+-----
Spellcasting   | 4 5 |  5.2
Summonings     | 5 |  5.7
Dodging        | |  2.4
Stealth        | |  2.4
Ice Magic      | |  0.4

Action                   |  1- 3 |  4- 6 || total
-------------------------+-------+-------++-------
Melee: Unarmed           |     5 |       ||     5
       Spear             |    88 |    13 ||   101
Throw: Javelin           |       |     7 ||     7
 Cast: Summon Small Mamm |    35 |       ||    35
       Call Imp          |    42 |    37 ||    79
  Use: Scroll            |     7 |       ||     7
       Potion            |       |     2 ||     2
 Stab: Sleeping          |     4 |     1 ||     5
       Distracted        |     1 |       ||     1
Armor: Robe              |    25 |     1 ||    26
Dodge: Dodged            |    84 |    20 ||   104

Table legend: (Time is in decaauts)
 A = Elapsed time spent in this place.
 B = Non-inter-level travel time spent in this place.
 C = Inter-level travel time spent in this place.
 D = Time resting spent in this place.
 E = Time spent auto-exploring this place.
 F = Levels seen in this place.
 G = Mean time per level.
                   A        B        C        D        E       F      G
               +--------+--------+--------+--------+--------+-----+--------+
         Total |   4717 |   4586 |    131 |    143 |   3704 |   4 | 1179.2 |
       Dungeon |   4717 |   4586 |    131 |    143 |   3704 |   4 | 1179.2 |
               +--------+--------+--------+--------+--------+-----+--------+

Top non-repeatable levels by time:
     D:1: 1595 daAuts
     D:2: 1431 daAuts
     D:3: 1419 daAuts
     D:4: 270 daAuts
